 Dungeon Crawl Stone Soup version 0.30.1-11-g7821555f0a (webtiles) character file.

Game seed: 17914330650457115767

67 Gumption the Digger (level 4, -1/25 HPs)
             Began as a Gargoyle Earth Elementalist on Nov 13, 2023.
             Was a Plaything of Xom.
             Slain by an iguana (5 damage)
             ... on level 3 of the Dungeon.
             The game lasted 00:13:26 (1732 turns).

Gumption the Digger (Gargoyle Earth Elementalist)   Turns: 1732, Time: 00:13:27

Health: -1/25      AC:  9    Str: 12    XL:     4   Next: 18%
Magic:  1/7        EV: 10    Int: 17    God:    Xom [..*...]
Gold:   59         SH:  0    Dex: 10    Spells: 2/8 levels left

rFire   . . .        f - +0 dagger
rCold   . . .        (no shield)
rNeg    + . .        g - +0 ring mail
rPois   ∞            (no helmet)
rElec   +            (no cloak)
rCorr   .            k - +0 pair of gloves
SInv    .            (no boots)
Will    .....        (no amulet)
Stlth   +            (no ring)
HPRegen 0.24/turn    (no ring)
MPRegen 0.10/turn

%: no passive effects
@: no status effects
A: sickness immunity, AC +3, negative energy resistance 1, electricity
resistance, torment resistance 1, petrification resistance
a: Renounce Religion


You were on level 3 of the Dungeon.
You worshipped Xom.
You were a toy of Xom.
You visited 1 branch of the dungeon, and saw 3 of its levels.

You collected 59 gold pieces.

Inventory:

Hand Weapons
 f - a +0 dagger (weapon)
 l - a +2 antimagic dagger
Missiles
 h - 2 poisoned darts (quivered)
Armour
 a - a +0 robe
 c - a +0 scale mail
 g - a +0 ring mail (worn)
 k - a +0 pair of gloves (worn)
Scrolls
 d - 4 scrolls of identify {unknown}
 j - 2 scrolls of fear {unknown}
Potions
 b - a potion of magic
 e - a potion of might {unknown}
 i - a potion of heal wounds {unknown}


   Skills:
 + Level 1.6 Fighting
 + Level 1.2 Armour
 - Level 1.5 Dodging
 - Level 2.1 Stealth
 + Level 2.5 Spellcasting
 - Level 0.7 Transmutations
 * Level 4.7 Earth Magic


You had 2 spell levels left.
You knew the following spells:

 Your Spells              Type           Power      Damage    Failure   Level
a - Sandblast             Erth           36%        2d10      6%          1
b - Passwall              Tmut/Erth      9%         N/A       21%         2
c - Stone Arrow           Conj/Erth      20%        3d8       43%         3

Your spell library contained the following spells:

 Spells                   Type           Power      Damage    Failure   Level
 Apportation              Tloc           4%         N/A       38%         1
 Necrotise                Necr           8%         1d4       38%         1
 Slow                     Hex            8%         N/A       38%         1
 Summon Small Mammal      Summ           8%         N/A       38%         1
 Static Discharge         Conj/Air       4%         2-3/arc   54%         2
 Confusing Touch          Hex            2%         N/A       77%         3
 Petrify                  Tmut/Erth      11%        N/A       80%         4
 Cause Fear               Hex            1%         N/A       99%         4


Dungeon Overview and Level Annotations

Branches:
Dungeon (3/15)

Altars:
Trog
Xom

Shops:
D:1 *


Innate Abilities, Weirdness & Mutations

You are immune to sickness and miasma.
Your stone body is resilient. (AC +3)
You are immune to poison.
You resist negative energy. (rN+)
You are resistant to electric shocks. (rElec)
You are resistant to unholy torment.
You are immune to petrification.


Message History

Press: ? - help, Shift-Dir - straight line, f/p - iguana
Aim: an iguana (moderately wounded, 84% to hit)
You miscast Sandblast.
You are very lightly contaminated with residual magic.
Nothing appears to happen.
The iguana bites you.
Casting: Sandblast (safe; 6% risk of failure)
Confirm with . or Enter, or press ? or * to list all spells.
Aiming: Sandblast (safe; 6% risk of failure)
Press: ? - help, Shift-Dir - straight line, f/p - iguana
Aim: an iguana (moderately wounded, 84% to hit)
The blast of sand hits the iguana.
The iguana is moderately wounded.
The iguana bites you but does no damage.
Casting: Sandblast (safe; 6% risk of failure)
Confirm with . or Enter, or press ? or * to list all spells.
Aiming: Sandblast (safe; 6% risk of failure)
Press: ? - help, Shift-Dir - straight line, f/p - iguana
Aim: an iguana (moderately wounded, 84% to hit)
The blast of sand hits the iguana.
The iguana is heavily wounded.
The iguana bites you but does no damage. x2
You hit the iguana but do no damage.
The iguana is heavily wounded.
The iguana bites you but does no damage.
You hit the iguana.
The iguana is severely wounded.
The iguana bites you!
You barely miss the iguana.
The iguana is severely wounded.
The iguana closely misses you.
Your magical contamination has completely faded away.
You closely miss the iguana.
The iguana is severely wounded.
The iguana bites you!
* * * LOW HITPOINT WARNING * * *
A shower of butterflies erupts from you!
You hit the iguana but do no damage.
The iguana is severely wounded.
The iguana bites you.
You die...

#######
#.....#
#...@b#
#.b.l.#
#.bb..#
#..b.....
#.....####
......#
##.....#
#......
..##.###


You could see an iguana (ally target).

Vanquished Creatures
  4 adders
  2 dart slugs
  A bat (D:2)
  3 endoplasms
  3 giant cockroaches
  4 goblins
  2 hobgoblins
  2 kobolds
  3 ball pythons (D:1)
  2 frilled lizards (D:1)
  4 rats
30 creatures vanquished.

Notes
Turn   | Place    | Note
-------+----------+-------------------------------------------
     0 | D:1      | Gumption the Gargoyle Earth Elementalist began the quest
                  | for the Orb.
     0 | D:1      | Reached XP level 1. HP: 10/10 MP: 3/3
   306 | D:1      | Got the Catalogue of the Wind and Charms
   333 | D:1      | Reached XP level 2. HP: 13/16 MP: 1/5
   336 | D:1      | Learned a level 2 spell: Passwall
   383 | D:1      | Reached skill level 4 in Earth Magic
   418 | D:1      | Found Ajizim's General Store.
   581 | D:1      | Found a faded altar of an unknown god.
   586 | D:1      | Got Plato's Papyrus of the Faeries
   616 | D:1      | Prayed at the altar of an unknown god.
   616 | D:1      | Became a worshipper of Xom of Chaos
   814 | D:1      | XOM: cloud trail
   910 | D:1      | XOM: noise
  1048 | D:2      | Reached skill level 1 in Fighting
  1048 | D:2      | Reached XP level 3. HP: 20/20 MP: 3/6
  1162 | D:2      | Learned a level 3 spell: Stone Arrow
  1330 | D:2      | Found a bloodstained altar of Trog.
  1683 | D:3      | Reached skill level 1 in Armour
  1684 | D:3      | Reached XP level 4. HP: 25/25 MP: 4/7
  1713 | D:3      | XOM: 2-stop teleportation journey
  1731 | D:3      | XOM: butterfly on damage
  1732 | D:3      | Slain by an iguana

Illustrated notes

Levels and vault maps discovered:
D:1:      minmay_arrival_four_loops, layout_loops_ring, serial_shops,
          nicolae_shop_pleasant_corner_grove,
          shapermc_ecumenical_altar_rom_forum, kennysheep_another_room
D:2:      layout_basic, basic_altar
D:3:      minmay_diamond_boxcup, layout_rooms, biasface_ghost_orc_armoury

Skill      XL: |  1  2  3 |
---------------+----------+-----
Earth Magic    | 4 |  4.7
Fighting       | 1 |  1.6
Armour         | 1 |  1.2
Dodging        | |  1.5
Stealth        | |  2.1
Spellcasting   | |  2.5
Transmutations | |  0.7

Action                     |  1- 3 |  4- 6 || total
---------------------------+-------+-------++-------
  Melee: Unarmed           |    18 |       ||    18
         Dagger            |    65 |    11 ||    76
         Punch             |     1 |       ||     1
   Cast: Sandblast         |    22 |     6 ||    28
   Stab: Sleeping          |     1 |     1 ||     2
 Armour: Robe              |    13 |       ||    13
         Ring mail         |    30 |     8 ||    38
  Dodge: Dodged            |    51 |     7 ||    58
